[Event "Live Chess"]
[Site "Chess.com"]
[Date "2024.06.02"]
[Round "-"]
[White "MaksymYurii"]
[Black "StoreySniper"]
[Result "0-1"]
[WhiteElo "999"]
[BlackElo "2497"]
[TimeControl "300"]
[EndTime "5:26:10 PDT"]
[Termination "StoreySniper won by checkmate"]

1. e4 d5 2. exd5 e6 3. dxe6 Bxe6 4. Nf3 Nf6 5. Be2 Nc6 6. O-O Bc5 7. Nc3 Qd7 8. d4 Nxd4 9. Nxd4 Qxd4 10. Qxd4 Bxd4 11. Bd2 O-O-O 12. Rfd1 Rhe8 13. Nb5 Bb6 14. Be3 Bxe3 15. fxe3 a6 16. Rxd8+ Rxd8 17. Nc3 Bf5 18. e4 Nxe4 19. Nxe4 Bxe4 20. Bg4+ f5 21. Bf3 Bxf3 22. gxf3 Rd2 23. Rc1 f4 24. a4 Kd7 25. b3 Kd6 26. h4 Kc5 27. Kf1 Kd4 28. Ke1 Ke3 29. Kf1 Kxf3 30. Kg1 Kg3 31. Kh1 Kxh4 32. c4 g5 33. Rc3 g4 34.
Kg1 g3 35. Kf1 Kg4 36. Ke1 Rb2 37. Kd1 g2 38. Kc1 Rf2 39. Rc2 g1=Q+ 40. Kb2 Rxc2+ 41.
Kxc2 Qd4 42. Kb1 f3 43. Kc2 f2 44. Kb1 f1=Q+ 45. Kc2 Qe2+ 46. Kc1 Qdb2# 0-1

[Event "Live Chess"]
[Site "Chess.com"]
[Date "2024.06.02"]
[Round "-"]
[White "Mikhail_Golubev"]
[Black "IgorSchukin"]
[Result "1-0"]
[WhiteElo "2484"]
[BlackElo "1772"]
[TimeControl "300"]
[EndTime "5:26:32 PDT"]
[Termination "Mikhail_Golubev won by resignation"]

1. d4 d5 2. c4 e6 3. Nf3 Nf6 4. Nc3 Be7 5. Bf4 c6 6. e3 O-O 7. h3 dxc4 8. Bxc4 b5 9. Bd3 Bb7 10. O-O a6 11. Ne4 Nxe4 12. Bxe4 Nd7 13. Rc1 Qb6 14.
Ne5 Nxe5 15. Bxe5 f6 16. Qh5 f5 17. Bf3 Bf6 18. Rc5 Rad8 19. Bxf6 Rxf6 20. Rfc1 Rc8 21. Bxc6 g6 22. Qf3 Bxc6 23. Rxc6 Rxc6 24. Rxc6 Qa5 25. Qf4 Qxa2 26. Qh6 1-0

[Event "Live Chess"]
[Site "Chess.com"]
[Date "2024.06.02"]
[Round "-"]
[White "juniortay"]
[Black "matt1979"]
[Result "1-0"]
[WhiteElo "2338"]
[BlackElo "1409"]
[TimeControl "300"]
[EndTime "5:26:33 PDT"]
[Termination "juniortay won by checkmate"]

1. e4 d6 2. Nc3 Nf6 3. f4 e5 4. Nf3 Nbd7 5. Bc4 Be7 6. d3 O-O 7.
O-O c6 8. a4 b6 9. Qe1 Bb7 10.
Kh1 a6 11. fxe5 Nxe5 12. Nxe5 dxe5 13. Qg3 Qc7 14. Bh6 Ne8 15. Rf3 b5 16. Bb3 Kh8 17.
Bg5 Bxg5 18. Qxg5 f6 19. Raf1 b4 20. Ne2 a5 21. Rh3 Bc8 22. Rxh7+ Kxh7 23. Qh5# 1-0

[Event "Live Chess"]
[Site "Chess.com"]
[Date "2024.06.02"]
[Round "-"]
[White "TheRedDrag"]
[Black "ZatixMajor"]
[Result "0-1"]
[WhiteElo "2161"]
[BlackElo "2056"]
[TimeControl "300"]
[EndTime "5:26:34 PDT"]
[Termination "ZatixMajor won by resignation"]

1. e4 c5 2. Nf3 Nc6 3. c3 Nf6 4.
e5 Nd5 5. d4 cxd4 6. cxd4 d6 7.
Nc3 dxe5 8. dxe5 Nxc3 9. Qxd8+ Nxd8 10. bxc3 Nc6 11. Bb5 Bg4 12. Nd4 Rc8 13. Bf4 Bd7 14.
Rc1 Nxd4 15. Bxd7+ Kxd7 16. cxd4 Rxc1+ 17. Bxc1 e6 18. Ke2 Bb4 19. Kd3 Rc8 20. Bb2 b5 21. Rc1 Rxc1 22. Bxc1 a5 23. f4 Kc6 24. g4 Kd5 25. f5 Be1 26. h3 a4 27. Be3 b4 28.
Bc1 Bc3 29. a3 Bxd4 30. axb4 Bxe5 31. fxe6 fxe6 32. Ba3 Bd6 33. Kc3 Ke4 34. Kc4 Kf3 35.
Bb2 e5 36. Kd5 Bxb4 37. Bxe5 g5 38. Bf6 Bd2 39. Kc4 Kg2 40. Kd3 Bf4 41. Kc4 Kxh3 42. Kb4 Kxg4 43. Kxa4 h5 44. Kb3 h4 45. Bd4 h3 46. Bg1 h2 47. Bxh2 Bxh2 0-1

[Event "Live Chess"]
[Site "Chess.com"]
[Date "2024.06.02"]
[Round "-"]
[White "Pandreq"]
[Black "booktrunk"]
[Result "1-0"]
[WhiteElo "1244"]
[BlackElo "1496"]
[TimeControl "300"]
[EndTime "5:26:36 PDT"]
[Termination "Pandreq won by resignation"]

1. d4 e6 2. c4 b6 3. Nc3 Bb7 4.
Nf3 h6 5. e3 Nf6 6. g3 Bb4 7. Bg2 Ne4 8. Bd2 Nxd2 9. Qxd2 Nc6 10. a3 Be7 11. b4 a6 12. O-O O-O 13. Ne5 Rb8 14. Nd3 Bf6 15. Nf4 Ne7 16. Nh5 Bxg2 17.
Kxg2 Nc6 18. e4 d6 19. f4 e5 20. fxe5 Bg5 21. Qd3 dxe5 22. d5 Ne7 23. g4 Ng6 24. Ne2 Nh4+ 25. Kh1 g6 26. Nhg3 Qd7 27. h3 Rbe8 28. Kh2 Re7 29. Rf2 f6 30. Raf1 Ref7 31.
c5 bxc5 32. bxc5 Qa4 33. c6 Qb5 34. Qxb5 axb5 35. Nc3 Rb8 36. Rb1 Be3 37. Re2 Bd4 38.
Nxb5 Nf3+ 39. Kg2 Ng5 40. a4 Nh7 41. Ree1 Nf8 42. Nxd4 Nh7 43. Ne6 Nf8 44. Rxb8 1-0

[Event "Live Chess"]
[Site "Chess.com"]
[Date "2024.06.02"]
[Round "-"]
[White "Grace6363"]
[Black "bobby_jamesFischer86"]
[Result "0-1"]
[WhiteElo "1141"]
[BlackElo "1625"]
[TimeControl "300"]
[EndTime "5:26:44 PDT"]
[Termination "bobby_jamesFischer86 won by resignation"]

1. d4 d5 2. c4 c6 3. Nc3 Nf6 4.
cxd5 cxd5 5. Nf3 e6 6. Bg5 Nc6 7. a3 Be7 8. e3 h6 9. Bh4 Qb6 10.
b4 O-O 11. Na4 Qd8 12. Rc1 Bd7 13. Bb5 Rc8 14. O-O Ne4 15. Bxe7 Qxe7 16. Nc5 Nxc5 17. bxc5 a6 18. Bxc6 Bxc6 19. Ne5 Qg5 20. Qg4 Qxg4 21. Nxg4 f6 22. f4 h5 23. Nf2 Rce8 24. h4 e5 25. fxe5 fxe5 26. Nh3 exd4 27. exd4 Bb5 28. Rxf8+ Rxf8 29. Ng5 Rf4 30. g3 Rxd4 31. Ne6 Rd3 32. Nd8 Bc6 33.
Rf1 Rxg3+ 34. Kh2 Rxa3 35. Ne6 Ra2+ 36. Kh3 Bd7 37. Rf8+ Kh7 38. Rf7 0-1

[Event "Live Chess"]
[Site "Chess.com"]
[Date "2024.06.02"]
[Round "-"]
[White "jimwad"]
[Black "AlanBstard10"]
[Result "1-0"]
[WhiteElo "1305"]
[BlackElo "1228"]
[TimeControl "300"]
[EndTime "5:27:07 PDT"]
[Termination "jimwad won by resignation"]

1. d4 Nf6 2. c4 c5 3. Nc3 cxd4 4.
Qxd4 Nc6 5. Qd1 b6 6. b3 Bb7 7.
Nf3 g6 8. Bb2 Bg7 9. e3 O-O 10.
Be2 e6 11. O-O Rb8 12. Nd4 Nxd4 13. exd4 Ne8 14. Bf3 Bxf3 15. Qxf3 Bxd4 16. Rad1 e5 17. Na4 Qf6 18. Qxf6 Nxf6 19. Bxd4 exd4 20. Rxd4 Kg7 21.
Nc3 Ra8 22. Rfd1 Rad8 23. Ne4 Nxe4 24. Rxe4 Rfe8 25. Rxe8 Rxe8 26. h3 Re7 27. a4 Kf6 28. b4 Ke6 29. a5 bxa5 30. bxa5 Re8 31. c5 Ke7 32. Rd6 Rc8 33. Ra6 Rxc5 34. Rxa7 Kd6 35. a6 Kc6 36. Kh2 d5 37. Rxf7 d4 38. a7 Ra5 39.
Rxh7 d3 40. Rh4 d2 41. Rd4 Rxa7 42. Rxd2 Rf7 43. Kg3 Kc5 44. f4 Kc4 45. Kg4 Kc3 46. Rd6 Rg7 47. Kg5 Kc4 48. g4 Kc5 49. Rxg6 Re7 50.
Rf6 Rh7 51. h4 Kd5 52. Rf5+ Ke4 53. h5 Rg7+ 54. Kh4 Rh7 55. Rf6 Rc7 56. g5 Rc1 57.
Re6+ Kf5 58. Rf6+ Ke4 59. g6 Rh1+ 60. Kg5 Rg1+ 61. Kh6 Kd5 62. g7 Rg2 63. Rg6 Ra2 64.
g8=Q+ 1-0

[Event "Live Chess"]
[Site "Chess.com"]
[Date "2024.06.02"]
[Round "-"]
[White "friarnator"]
[Black "Tatarinov_Maxim"]
[Result "1-0"]
[WhiteElo "2195"]
[BlackElo "2288"]
[TimeControl "300"]
[EndTime "5:27:20 PDT"]
[Termination "friarnator won by resignation"]

1. d4 Nf6 2. Nc3 g6 3. Bf4 d6 4. Qd2 Bg7 5. Bh6 O-O 6. h4 c5 7. Nf3 cxd4 8. Nxd4 Nc6 9. Nxc6 bxc6 10. h5 Rb8 11. hxg6 fxg6 12. Bxg7 Kxg7 13. Qh6+ Kg8 14.
Ne4 Rf7 15. Nxf6+ exf6 16. O-O-O Be6 17. b3 Qa5 18. Kb2 Qe5+ 19. c3 a5 20. Qe3 a4 21.
Qxe5 dxe5 22. Rd6 Bd5 23. b4 a3+ 24. Kxa3 Ra8+ 25. Kb2 Rxa2+ 26. Kb1 Ra3 27. Kb2 Ra2+ 28.
Kb1 Rfa7 29. f3 Ra1+ 30. Kc2 Bc4 31. Kd2 Kg7 32. Rxc6 Bb3 33. g3 Rd1+ 34. Ke3 h5 35.
Bg2 Rxh1 36. Bxh1 Ra1 37. Bg2 g5 38. b5 Re1 39. Kf2 Rc1 40. b6 Ba4 41. Rc7+ Kg6 42.
f4 gxf4 43. gxf4 exf4 44. b7 Rb1 45. Rc8 Rxb7 46. Bxb7 1-0

[Event "Live Chess"]
[Site "Chess.com"]
[Date "2024.06.02"]
[Round "-"]
[White "LL220284LL"]
[Black "missedJariChance"]
[Result "1-0"]
[WhiteElo "2500"]
[BlackElo "1360"]
[TimeControl "300"]
[EndTime "5:27:46 PDT"]
[Termination "LL220284LL won on time"]

1. Nf3 d5 2. b3 Nf6 3. Bb2 e6 4. g3 Be7 5. Bg2 c5 6. d3 O-O 7. O-O Nc6 8. Nbd2 Nh5 9. e4 Bf6 10. e5 Be7 11. Ne1 g6 12. f4 Ng7 13. Nef3 a6 14. h3 b5 15. g4 d4 16. Ne4 Bb7 17.
Qe1 Nb4 18. Qf2 Rc8 19. Rfe1 Re8 20. Re2 Nd5 21. Bc1 Nc3 22. Nxc3 dxc3 23. Be3 Bd5 24. a4 b4 25. Rd1 a5 26. Kh1 Qd7 27. Rde1 Qc6 28. Ng1 Bxg2+ 29. Qxg2 Qxg2+ 30. Kxg2 Red8 31. Bf2 h5 32. Re4 hxg4 33. hxg4 Rd7 34. Rc4 Rdc7 35. Nh3 Ne8 36. Bg1 Kg7 37. Nf2 Rc6 38. Ne4 Nc7 39.
Bxc5 Bxc5 40. Rxc5 Rxc5 41. Nxc5 Nd5 42. Nb7 Nxf4+ 43.
Kf3 Nd5 44. Nxa5 Rh8 45. Kg3 Rh6 46. Nc4 Rh8 47. Nd6 1-0

[Event "Live Chess"]
[Site "Chess.com"]
[Date "2024.06.02"]
[Round "-"]
[White "MagnersCarlsberg2870"]
[Black "vincents82"]
[Result "0-1"]
[WhiteElo "1777"]
[BlackElo "1998"]
[TimeControl "300"]
[EndTime "5:27:59 PDT"]
[Termination "vincents82 won by resignation"]

1. d4 d5 2. e3 Nf6 3. Bd3 c5 4.
c3 Nc6 5. f4 Bg4 6. Nf3 cxd4 7.
exd4 e6 8. Qa4 Bxf3 9. gxf3 Bd6 10. Rg1 g6 11. Nd2 Bxf4 12. Nb3 Bxc1 13. Rxc1 O-O 14. Nd2 Rc8 15. Qd1 Qc7 16. Nf1 Nxd4 17. Be2 Nxe2 18. Qxe2 d4 19. Ng3 dxc3 20. Rxc3 Qb6 21. Ne4 Qxg1+ 0-1

[Event "Live Chess"]
[Site "Chess.com"]
[Date "2024.06.02"]
[Round "-"]
[White "Queensandpawns"]
[Black "slava_ukr"]
[Result "1-0"]
[WhiteElo "2279"]
[BlackElo "2369"]
[TimeControl "300"]
[EndTime "5:28:03 PDT"]
[Termination "Queensandpawns won on time"]

1. d4 d5 2. Nc3 Nf6 3. Bf4 e6 4. e3 Bd6 5. Nf3 O-O 6. Bd3 b6 7. Ne5 Ba6 8. Qe2 Bxd3 9. Qxd3 Bxe5 10. Bxe5 Nbd7 11. O-O-O Nxe5 12. dxe5 Nd7 13. f4 c5 14. e4 d4 15. Nb5 a6 16. Nd6 Qc7 17. Qh3 b5 18. Rd3 Nb6 19. Rg3 Nc4 20. Qh6 g6 21. h4 Nxd6 22. exd6 Qxd6 23. h5 Ra7 24. hxg6 fxg6 25. e5 Qd5 26. Rxg6+ hxg6 27. Qh8+ Kf7 28. Qh7+ Ke8 29. Qxa7 Qd7 30. Qxc5 d3 31.
cxd3 Qxd3 32. Rd1 Qc4+ 33. Qxc4 bxc4 34. g3 Ke7 35. Kd2 Rh8 36. Kc3 Rh3 37. Rg1 Rh2 38.
b3 Rxa2 39. Kxc4 a5 40. Kb5 Rb2 41. Kxa5 Rxb3 42. Ka4 Rb7 43. g4 1-0

[Event "Live Chess"]
[Site "Chess.com"]
[Date "2024.06.02"]
[Round "-"]
[White "lateforthesky"]
[Black "upoe610"]
[Result "1-0"]
[WhiteElo "2062"]
[BlackElo "2133"]
[TimeControl "300"]
[EndTime "5:28:10 PDT"]
[Termination "lateforthesky won by resignation"]

1. e4 e5 2. Nf3 Nc6 3. Bb5 a6 4.
Ba4 Nf6 5. O-O Be7 6. Qe2 b5 7. Bb3 O-O 8. c3 d5 9. d3 Bg4 10. h3 Bh5 11. Rd1 Bg6 12. Nbd2 Na5 13. Bc2 Nc6 14.
Nf1 d4 15. Ng3 b4 16. cxd4 Nxd4 17. Nxd4 Qxd4 18. Bb3 Rfd8 19. Be3 Qd6 20. Rac1 a5 21. Ba4 Nd7 22. Rc6 Nb6 23. Rxd6 Rxd6 24. Bxb6 cxb6 25. Bb5 Rc8 26. Nf5 Bxf5 27. exf5 Rc5 28. Bc4 b5 29. Bb3 a4 30. Bc2 Bf6 31. Bb1 h6 32. Qe1 Rd4 33. Rc1 Rcd5 34. Rc8+ Kh7 35. Kh2 Rd6 36. Rc5 e4 37. dxe4 Rd1 38. Qxb4 Bd4 39.
Rxb5 Bxf2 40. Bc2 R1d2 41. Bxa4 R6d3 42. Qxd2 Rxd2 43. Rb3 Bd4 44. Bc6 Be5+ 45. Kg1 Bg3 46. Rxg3 1-0

[Event "Live Chess"]
[Site "Chess.com"]
[Date "2024.06.02"]
[Round "-"]
[White "peteopeteo"]
[Black "Ninifu"]
[Result "0-1"]
[WhiteElo "1556"]
[BlackElo "2011"]
[TimeControl "300"]
[EndTime "5:29:06 PDT"]
[Termination "Ninifu won by resignation"]

1. e4 d5 2. exd5 Nf6 3. d4 Bg4 4. Be2 Bxe2 5. Qxe2 Qxd5 6. Nf3 e6 7. c4 Bb4+ 8. Bd2 Qa5 9. a3 Bxd2+ 10. Qxd2 Qxd2+ 11.
Nbxd2 Nc6 12. O-O O-O-O 13. Nb3 h6 14. Rad1 Rhe8 15. Ne5 Nxe5 16. dxe5 Rxd1 17. Rxd1 Ng4 18.
f4 Ne3 19. Rd3 Nxc4 20. Rg3 g6 21. Nc5 b6 22. Ne4 Rd8 23. Rc3 Rd4 24. Nf6 Nxb2 25.
g3 Nc4 26. Ne8 Kd8 27. Nf6 c5 28. Ng8 h5 29. Nh6 Ke7 30. Ng8+ Kf8 31. Nf6 b5 32. Nh7+ Ke7 33. Nf6 a5 34. Ng8+ Kd8 35. Nf6 a4 36. Kg2 b4 37. axb4 cxb4 38. Kh3 bxc3 0-1

[Event "Live Chess"]
[Site "Chess.com"]
[Date "2024.06.02"]
[Round "-"]
[White "FlyingChessKestrel13"]
[Black "ClassyChameleon"]
[Result "1-0"]
[WhiteElo "2086"]
[BlackElo "1548"]
[TimeControl "300"]
[EndTime "5:29:16 PDT"]
[Termination "FlyingChessKestrel13 won by resignation"]

1. e4 e5 2. Nf3 Nc6 3. Bb5 a6 4. Ba4 b5 5. Bb3 Nf6 6. d3 Bc5 7. O-O O-O 8. c3 h6 9. Nbd2 Na5 10. Bc2 Bb7 11. b4 Bxf2+ 12. Rxf2 Nc6 13. h3 d5 14. a4 bxa4 15. Bxa4 Re8 16. Bb2 Re7 17. Nh4 d4 18. cxd4 exd4 19. Nf5 Rd7 20. Bxc6 Bxc6 21.
Nf3 Bb5 22. N3xd4 c6 23. e5 Nh7 24. Qg4 Ng5 25. h4 Ne6 26. Nxe6 fxe6 27. Nd6 Bxd3 28.
Qxe6+ Kh7 29. Rd1 Bb5 30. h5 Raa7 31. Qf5+ Kh8 32. Qf8+ Qxf8 33. Rxf8+ Kh7 34. Rdf1 Bxf1 35. Rxf1 a5 36. bxa5 Rxa5 37. Re1 Re7 38. Nf5 Re6 39. Nd4 Rexe5 40. Rxe5 Rxe5 41. Nxc6 Rxh5 42. Ne5 Rh4 43.
Nf3 Rb4 44. Be5 g5 45. Kh2 Kg6 46. Bd6 Rb3 47. Bc5 h5 48. Be7 g4 49. Ne5+ Kf5 50.
Nc4 Ke6 51. Bh4 Kf5 52. Nd2 Rb2 53. Nf1 Kf4 54. Bd8 Rf2 55. Ng3 Ke3 56. Bb6+ Kd2 57.
Bxf2 h4 58. Nf5 g3+ 59. Bxg3 hxg3+ 60. Kxg3 Ke2 61. Kf4 Kf2 62. g4 1-0

[Event "Live Chess"]
[Site "Chess.com"]
[Date "2024.06.02"]
[Round "-"]
[White "Queensandpawns"]
[Black "MagnersCarlsberg2870"]
[Result "1-0"]
[WhiteElo "2280"]
[BlackElo "1776"]
[TimeControl "300"]
[EndTime "5:29:29 PDT"]
[Termination "Queensandpawns won by resignation"]

1. e4 d6 2. d4 Nf6 3. Nc3 Nbd7 4.
Be3 e5 5. dxe5 dxe5 6. Qd2 c6 7. O-O-O a5 8. f4 Qc7 9. Nf3 Bb4 10. fxe5 Nxe5 11.
Nxe5 Bxc3 12. Qxc3 O-O 13. Nf3 1-0

[Event "Live Chess"]
[Site "Chess.com"]
[Date "2024.06.02"]
[Round "-"]
[White "stevochess11"]
[Black "road2gm5000"]
[Result "0-1"]
[WhiteElo "1689"]
[BlackElo "1145"]
[TimeControl "300"]
[EndTime "5:29:59 PDT"]
[Termination "road2gm5000 won by checkmate"]

1. d4 d5 2. Nf3 Nc6 3. Bf4 Bg4 4. e3 Nf6 5. Bb5 e6 6. Nbd2 Bd6 7. Bxd6 Qxd6 8. h3 Bh5 9. c4 O-O 10. cxd5 Qxd5 11. O-O Qxb5 12. b3 Qf5 13. Rc1 Ne4 14. Nxe4 Qxe4 15. Rc5 Bxf3 16. gxf3 Qg6+ 17. Kh2 Rad8 18.
Rg1 Qf6 19. Rcg5 g6 20. h4 Rd5 21. R5g4 Rh5 22. Kh3 Rd8 23. f4 Qf5 24. Kh2 Rd5 25. f3 Qf6 26. Qd3 Rxh4+ 27. Rxh4 Qxh4+ 28. Kg2 Rh5 29. d5 Qh2+ 30. Kf1 exd5 31. e4 dxe4 32.
Qxe4 Qxa2 33. Qe8+ Kg7 34. Qe3 Qb1+ 35. Kg2 Qc2+ 36.
Kg3 Qh2+ 37. Kg4 Qh3# 0-1

[Event "Live Chess"]
[Site "Chess.com"]
[Date "2024.06.02"]
[Round "-"]
[White "AlanBstard10"]
[Black "Tatarinov_Maxim"]
[Result "0-1"]
[WhiteElo "1228"]
[BlackElo "2288"]
[TimeControl "300"]
[EndTime "5:30:22 PDT"]
[Termination "Tatarinov_Maxim won by resignation"]

1. b4 a5 2. b5 Nf6 3. e3 e6 4. Bb2 Be7 5. a4 O-O 6. Be2 d5 7. Nf3 c5 8. d4 b6 9. dxc5 bxc5 10. O-O Bb7 11. Nbd2 Nbd7 12. c4 Nb6 13. cxd5 exd5 14. Rb1 Rc8 15. Bxf6 Bxf6 16. Qc2 Re8 17. Rfc1 d4 18. e4 c4 19. Nf1 Bxe4 20. Qb2 d3 21. Qd2 dxe2 22. Qxe2 Bxb1 23. Rxb1 Rxe2 0-1

[Event "Live Chess"]
[Site "Chess.com"]
[Date "2024.06.02"]
[Round "-"]
[White "Ninifu"]
[Black "dhairyapandyauk"]
[Result "1-0"]
[WhiteElo "2013"]
[BlackElo "1650"]
[TimeControl "300"]
[EndTime "5:30:34 PDT"]
[Termination "Ninifu won by resignation"]

1. d4 Nf6 2. c4 e6 3. Nc3 Bb4 4.
f3 b6 5. e4 Nxe4 6. fxe4 Qh4+ 7. Ke2 Qxe4+ 8. Nxe4 Bb7 9. Nc3 Bxg2 10. Bxg2 Nc6 11. Be3 1-0

[Event "Live Chess"]
[Site "Chess.com"]
[Date "2024.06.02"]
[Round "-"]
[White "Ferrarifan27"]
[Black "RuslanChessN"]
[Result "0-1"]
[WhiteElo "2152"]
[BlackElo "1932"]
[TimeControl "300"]
[EndTime "5:30:37 PDT"]
[Termination "RuslanChessN won by checkmate"]

1. e4 c6 2. d4 d5 3. e5 Bf5 4. h4 h5 5. Bg5 Qb6 6. Bd3 Bxd3 7. Qxd3 Qxb2 8. e6 Qxa1 9. Qb3 b6 10. Nf3 Nf6 11.
O-O Ne4 12. exf7+ Kxf7 13. Ne5+ Kg8 14. Be3 e6 15. f3 Ng3 16. Rc1 Ne2+ 17. Kf2 Nxc1 18.
Bxc1 Qxd4+ 19. Qe3 Qxe3+ 20. Bxe3 Bd6 21. Ng6 Rh7 22.
Nd2 Nd7 23. c4 Ne5 24. Nxe5 Bxe5 25. cxd5 cxd5 26. Nb3 Rc8 27. f4 Bc3 28. Kf3 g6 29.
g3 Rhc7 30. g4 hxg4+ 31. Kxg4 Kf7 32. Bc1 a5 33. Bd2 Bxd2 34. Nxd2 Rc2 35. Nf3 Re2 36. Ng5+ Ke7 37. h5 gxh5+ 38. Kxh5 Rh8+ 39. Kg6 Rg2 40. a4 Rg8+ 41. Kh5 R8xg5+ 42. fxg5 Kf7 43. Kh6 Rh2# 0-1

[Event "Live Chess"]
[Site "Chess.com"]
[Date "2024.06.02"]
[Round "-"]
[White "Victor_Bondar"]
[Black "davigator"]
[Result "0-1"]
[WhiteElo "1458"]
[BlackElo "2412"]
[TimeControl "300"]
[EndTime "5:30:38 PDT"]
[Termination "davigator won on time"]

1. e4 c5 2. c3 Nf6 3. e5 Nd5 4.
d4 cxd4 5. cxd4 d6 6. exd6 Qxd6 7. Nc3 Nc6 8. Nxd5 Qxd5 9. Nf3 Bg4 10. Be2 e6 11. O-O Be7 12. h3 Bh5 13. Be3 O-O 14. g4 Bg6 15. a3 Rfd8 16. Ne5 Nxd4 17. Nxg6 hxg6 18. Qxd4 Qxd4 19. Bxd4 Rxd4 20. Rad1 Bf6 21. Rxd4 Bxd4 22. b3 Rc8 23. Bc4 Kf8 24. Rd1 e5 25.
Kg2 a6 26. Bd5 Rc7 27. f4 Ke7 28. fxe5 Bxe5 29. Rd3 f6 30. Kf3 b5 31. Ke3 Rc2 32. Bb7 a5 33. Ba6 b4 34. a4 Rh2 35. Ke4 Bc3 36. Bc4 Re2+ 37. Kd5 f5 38. Kc5 Re5+ 39. Kb6 Kf6 40. Rd6+ Kg5 41. gxf5 gxf5 42. Rd7 Bd4+ 43. Ka6 Re4 0-1

[Event "Live Chess"]
[Site "Chess.com"]
[Date "2024.06.02"]
[Round "-"]
[White "upoe610"]
[Black "kylet1990"]
[Result "1-0"]
[WhiteElo "2133"]
[BlackElo "750"]
[TimeControl "300"]
[EndTime "5:30:38 PDT"]
[Termination "upoe610 won by resignation"]

1. c4 e5 2. g3 Bc5 3. Nc3 Nf6 4. Bg2 O-O 5. e3 d6 6. a3 Nc6 7. d3 Be6 8. Nf3 h6 9. O-O a6 10. d4 exd4 11. exd4 Nxd4 12. Nxd4 Bg4 13. Nde2 Qd7 14. b4 Ba7 15. Nd5 Nxd5 16. Bxd5 Bf3 17. Bxf3 Rfe8 18. Bb2 b5 19. Nf4 1-0

[Event "Live Chess"]
[Site "Chess.com"]
[Date "2024.06.02"]
[Round "-"]
[White "TJ-W"]
[Black "Duke_of_Bebington"]
[Result "1/2-1/2"]
[WhiteElo "1575"]
[BlackElo "1616"]
[TimeControl "300"]
[EndTime "5:30:45 PDT"]
[Termination "Game drawn by agreement"]

1. e4 e5 2. Nf3 Nf6 3. Nxe5 d6 4. Nf3 Nxe4 5. Bd3 d5 6. Bxe4 dxe4 7. Ne5 Bd6 8. Nc4 O-O 9. d3 exd3 10. Qxd3 Re8+ 11.
Be3 Be6 12. Nxd6 Qxd6 13. Qxd6 cxd6 14. O-O Nc6 15. Nc3 d5 16. Rad1 Red8 17. Nb5 Rac8 18.
c3 a6 19. Nd4 Nxd4 20. Bxd4 b5 21. a3 Re8 22. Rfe1 Bf5 23. h3 Bc2 24. Rc1 Bb3 25. Re3 Rxe3 26. Bxe3 a5 27. Re1 Kf8 28. Bd4 f6 29.
Bb6 a4 30. Ba5 Re8 31. Bb4+ Kf7 32. Rxe8 Kxe8 33. f4 f5 34. Kf2 Kd7 35. Ke3 Ke6 1/2-1/2

[Event "Live Chess"]
[Site "Chess.com"]
[Date "2024.06.02"]
[Round "-"]
[White "KeithArkell"]
[Black "JanMur7"]
[Result "1/2-1/2"]
[WhiteElo "2418"]
[BlackElo "2287"]
[TimeControl "300"]
[EndTime "5:30:53 PDT"]
[Termination "Game drawn - timeout vs insufficient material"]

1. d4 Nf6 2. Nf3 d5 3. c4 e6 4.
cxd5 exd5 5. Nc3 Be7 6. Bg5 h6 7. Bxf6 Bxf6 8. e3 c6 9. b4 a6 10. a4 Bg4 11. Be2 O-O 12. O-O Nd7 13. b5 axb5 14.
axb5 Rxa1 15. Qxa1 Qa8 16. bxc6 bxc6 17. Rc1 Qxa1 18.
Rxa1 c5 19. Nxd5 cxd4 20. Nxf6+ Nxf6 21. Nxd4 Bxe2 22. Nxe2 Rd8 23. Nd4 g6 24. h3 Rb8 25.
Ra2 Ne4 26. g4 Nf6 27. Kg2 h5 28. Kf3 hxg4+ 29. hxg4 Rd8 30. Nc6 Re8 31. Ra7 Nd5 32. Rd7 Nf6 33. Ra7 Nd5 34. g5 Re6 35. Nd8 Re7 36.
Ra5 Nc7 37. Nc6 Re8 38. Ra7 Ne6 39. Kg4 Nc5 40. Ne7+ Kf8 41. Nd5 Ne4 42. f3 Nd6 43. e4 Nxe4 44. fxe4 Rxe4+ 45. Nf4 Rb4 46. Ra5 Kg7 47. Kf3 Rb3+ 48. Ke4 Rb4+ 49. Ke5 Rb1 50. Kd6 Rd1+ 51. Rd5 Rf1 52. Ke5 Re1+ 53. Kd4 Kf8 54. Ra5 Kg7 55. Nd5 Rd1+ 56. Ke4 Re1+ 57. Ne3 Rg1 58. Kf4 Rb1 59. Ra4 Rb2 60. Ng4 Rb5 61. Nf6 Rb1 62. Ne8+ Kf8 63. Ra8 Ke7 64. Nf6 Rf1+ 65.
Ke5 Re1+ 66. Ne4 Re2 67. Ra7+ Kf8 68. Kf6 Rxe4 69. Rxf7+ Kg8 70. Re7 Ra4 71. Re6 Ra8 72. Ke7 Rb8 73. Rd6 Ra8 74. Rd8+ Rxd8 75. Kxd8 Kf8 76. Kd7 Kf7 77. Kd6 Ke8 78. Ke6 Kd8 79.
Kf7 Kc7 80. Kxg6 Kc6 81. Kf7 Kc5 82. g6 Kd4 83. g7 Kc3 84. g8=Q Kd2 85. Qd8+ Kc2 86.
Ke6 Kb3 87. Kd5 Kb2 88. Qc7 Ka1 89. Kd4 Kb1 90. Qc4 Kb2 1/2-1/2

[Event "Live Chess"]
[Site "Chess.com"]
[Date "2024.06.02"]
[Round "-"]
[White "ACM42"]
[Black "Dhaydon19"]
[Result "0-1"]
[WhiteElo "2225"]
[BlackElo "2641"]
[TimeControl "300"]
[EndTime "5:30:57 PDT"]
[Termination "Dhaydon19 won by resignation"]

1. e4 e6 2. d4 d5 3. Nc3 dxe4 4. Nxe4 Nd7 5. Ne2 Ngf6 6. N2g3 Be7 7. Bd3 b6 8. O-O Bb7 9. c3 O-O 10. Bg5 c5 11. dxc5 Nxc5 12. Nxc5 bxc5 13. Qe2 Qd5 14. Ne4 Nxe4 15. Bxe7 Nxc3 16. Qg4 Qxd3 17. bxc3 Rfc8 18.
Bf6 Qg6 19. Qxg6 hxg6 20. Bg5 f6 21. Be3 Bd5 22. a4 Rab8 23. Rab1 Rb6 24. Rxb6 axb6 25. Rb1 Rc6 26. Rb5 g5 27. h3 Bc4 28. Rb2 e5 29. g4 Rd6 30. Rd2 Rxd2 31. Bxd2 Bb3 32.
a5 bxa5 33. c4 a4 34. Bc1 Bxc4 35. Ba3 Kf7 36. Bxc5 Ke6 37. f3 e4 38. fxe4 Ke5 39. Kf2 Kxe4 40. Bf8 g6 41. Bg7 f5 42. gxf5 gxf5 43. Kg3 f4+ 44. Kf2 Be6 45. Bf6 g4 46. hxg4 Bxg4 47. Bb2 Kd3 48. Ke1 Kc2 49. Be5 f3 50. Kf2 a3 51. Kg3 a2 52. Bd4 Bh5 53. Kh4 f2 0-1

[Event "Live Chess"]
[Site "Chess.com"]
[Date "2024.06.02"]
[Round "-"]
[White "juniortay"]
[Black "IgorSchukin"]
[Result "1-0"]
[WhiteElo "2339"]
[BlackElo "1771"]
[TimeControl "300"]
[EndTime "5:31:17 PDT"]
[Termination "juniortay won by resignation"]

1. e4 c5 2. Nf3 e6 3. d4 cxd4 4. Bg5 Be7 5. Bxe7 Nxe7 6. Qxd4 Nbc6 7. Qd6 O-O 8. Nc3 f5 9. e5 Ng6 10. O-O-O Qa5 11. Re1 Nb4 12. Kb1 Nd5 13. Nxd5 exd5 14. Bd3 b6 15. Nd4 f4 16. Bxg6 hxg6 17. Qxg6 Qc5 18. Nf5 Rxf5 19. Qxf5 Qxf2 20. Rhf1 Qxg2 21. Rxf4 1-0

[Event "Live Chess"]
[Site "Chess.com"]
[Date "2024.06.02"]
[Round "-"]
[White "Pandreq"]
[Black "friarnator"]
[Result "0-1"]
[WhiteElo "1244"]
[BlackElo "2195"]
[TimeControl "300"]
[EndTime "5:31:20 PDT"]
[Termination "friarnator won by resignation"]

1. d4 Nf6 2. c4 b6 3. Nc3 Bb7 4. e3 e6 5. Nf3 Be7 6. g3 O-O 7. Bg2 d6 8. O-O Nbd7 9. Bd2 a6 10. Ne2 c5 11. dxc5 Nxc5 12. b3 Nfe4 13. Nf4 Bf6 14.
Rb1 g6 15. Nd4 Nxd2 16. Qxd2 Bxg2 17. Kxg2 e5 18. Nc6 Qc8 19. Nd5 Qxc6 20. f3 Bd8 21.
e4 Ne6 22. Qh6 Nc7 23. h4 Nxd5 24. exd5 Qd7 25. h5 Qf5 26. hxg6 fxg6 27. Rh1 Ra7 28. Rbf1 Bg5 29. Qh2 Be3 30. g4 Qc2+ 31. Kg3 Bf4+ 0-1

[Event "Live Chess"]
[Site "Chess.com"]
[Date "2024.06.02"]
[Round "-"]
[White "Andriy_Yaremovych"]
[Black "nigelst"]
[Result "1-0"]
[WhiteElo "1652"]
[BlackElo "1725"]
[TimeControl "300"]
[EndTime "5:31:49 PDT"]
[Termination "Andriy_Yaremovych won by resignation"]

1. e4 c6 2. Nc3 d5 3. f4 dxe4 4.
Nxe4 Nf6 5. Nxf6+ exf6 6. Nf3 Bc5 7. d4 Bb6 8. c3 Bg4 9. Be2 O-O 10. Qc2 Re8 11.
O-O g6 12. a4 Bf5 13. Bd3 Bxd3 14. Qxd3 Qd5 15. b4 Qh5 16. c4 a5 17. c5 Bc7 18. b5 Nd7 19. b6 Bd8 20. Bb2 Be7 21.
Rae1 Rad8 22. h3 Nxc5 23. Qc4 Ne6 24. Nh2 Nxf4 25. Rxf4 Bd6 26. Rxe8+ Rxe8 27. Rxf6 Re1+ 28. Nf1 Qg5 29. Qxf7+ Kh8 30. Rf3 Re2 31. Rf2 Rxf2 32. Qxf2 Kg7 33. d5+ Kh6 34. dxc6 bxc6 35. Qc2 Bc5+ 36.
Kh1 Qf4 37. Bc1 1-0